 Dungeon Crawl Stone Soup version 0.17.0-7-gfadd4cc (webtiles) character file.

73 septik the Insei (level 4, -1/42 HPs)
             Began as a Naga Monk on Nov 8, 2015.
             Slain by an adder zombie (4 damage)
             ... on level 2 of the Dungeon.
             The game lasted 00:10:29 (2007 turns).

septik the Insei (Naga Monk)                        Turns: 2007, Time: 00:10:29

Health: -1/42      AC:  2    Str: 14    XL:     4   Next: 27%
Magic:  4/4        EV: 10    Int: 15    God:
Gold:   122        SH:  0    Dex: 14    Spells: 0 memorised, 3 levels left

rFire  . . .     SeeInvis +       - Unarmed
rCold  . . .     Clarity  .     n - +0 leather armour
rNeg   . . .     SustAt   .     (no shield)
rPois  +         Gourm    .     (no helmet)
rElec  .         Spirit   .     (no cloak)
rCorr  .         Warding  .     (no gloves)
rMut   .         Stasis   .     (no barding)
MR     .....                    (no amulet)
Stlth  ++........               (no ring)
                                (no ring)

@: brilliant, very slow, not resistant to hostile enchantments, unstealthy
A: see invisible, deformed body, poison resistance, slowness 2, slow metabolism
1, spit poison 2, AC +1
a: Spit Poison


You were on level 2 of the Dungeon.
You were not hungry.

You visited 1 branch of the dungeon, and saw 2 of its levels.

You collected 122 gold pieces.

Inventory:

Missiles
 d - 7 stones (quivered)
 f - 4 needles of paralysis
 k - 2 needles of frenzy
 o - 3 sling bullets
Armour
 a - a +0 robe
 n - a +0 leather armour (worn)
Scrolls
 c - a scroll of blinking {unknown}
 g - 2 scrolls of remove curse
 h - a scroll of amnesia {unknown}
 i - 3 scrolls of identify {unknown}
 m - a scroll of teleportation {unknown}
 q - a scroll of magic mapping {unknown}
Potions
 l - a potion of magic
Comestibles
 b - 2 bread rations
 j - a meat ration


   Skills:
 - Level 3.0 Fighting
 - Level 2.4 Dodging
 - Level 3.0 Stealth
 + Level 5.6 Unarmed Combat


You had 3 spell levels left.
You didn't know any spells.

Dungeon Overview and Level Annotations

Branches:
Dungeon (2/15)

Altars:
Makhleb
Vehumet
Yredelemnul


Innate Abilities, Weirdness & Mutations

You cannot wear boots.
Your serpentine skin is tough (AC +1).
You have supernaturally acute eyesight.
Armour fits poorly on your strangely shaped body.
Your system is resistant to poisons.
You cover ground very slowly.
You have a slow metabolism.
You can spit poison.


Message History

You feel blessed for a moment.
It was a scroll of remove curse.
The adder zombie barely misses you. The adder zombie closely misses you.
You closely miss the adder zombie. The adder zombie bites you.
* * * LOW HITPOINT WARNING * * *
You punch the adder zombie!
You have got your breath back.
The adder zombie barely misses you. x2
The adder zombie bites you but does no damage.
The adder zombie bites you.
* * * LOW HITPOINT WARNING * * *
The adder zombie barely misses you. The adder zombie closely misses you.
The adder zombie closely misses you. The adder zombie misses you.
The adder zombie barely misses you. The adder zombie closely misses you.
The adder zombie bites you.
* * * LOW HITPOINT WARNING * * *
The adder zombie bites you.
You die...

..# ..... #### #.## .. #....(.#
#..### #..8.?.## #..#.##
#...%(..# #...... .. ... #.......
#...... .. ...# #.....# #......
#.## #..###...(.##.# #......
...#####...##<..Z....#. #......
#..#......... #@# # #.####.....#
.....####...####.#.# #.........##
.#...........##....#.#...........
...........#....###.......<......
...............## #.##..........
#............### # #...........
#.............# #.#....>....
#.............## #.#.........
..#........##..# . #.........


You could see an adder zombie.

Vanquished Creatures
  2 adders (D:2)
  An ooze (D:2)
  3 adder skeletons (D:2)
  2 giant geckos (D:1)
  7 goblins
  3 hobgoblins
  A ball python skeleton (D:2)
  9 bats
  A giant cockroach zombie (D:2)
  A giant gecko zombie (D:2)
  2 giant newts (D:1)
  A jackal zombie (D:2)
  6 kobolds
  3 rats
42 creatures vanquished.

Notes
Turn   | Place    | Note
--------------------------------------------------------------
     0 | D:1      | septik the Naga Monk began the quest for the Orb.
     0 | D:1      | Reached XP level 1. HP: 21/21 MP: 1/1
   221 | D:1      | Reached XP level 2. HP: 13/28 MP: 2/2
  1106 | D:1      | Reached XP level 3. HP: 34/34 MP: 3/3
  1269 | D:2      | Reached skill level 5 in Unarmed Combat
  1288 | D:2      | Found a burning altar of Makhleb.
  1288 | D:2      | Found a radiant altar of Vehumet.
  1534 | D:2      | Found a basalt altar of Yredelemnul.
  1712 | D:2      | Reached XP level 4. HP: 40/42 MP: 4/4
  2007 | D:2      | Slain by an adder zombie

Action                   |  1- 3 |  4- 6 || total
-------------------------+-------+-------++-------
Melee: Unarmed           |   102 |    27 ||   129
Throw: Stone             |    23 |     5 ||    28
 Abil: Spit Poison       |    28 |     4 ||    32
  Use: Potion            |       |     2 ||     2
       Scroll            |       |     1 ||     1
  Eat: Chunk             |     3 |     1 ||     4
